 Dungeon Crawl Stone Soup version 0.24-a0-582-g4d4af813a0 (webtiles) character file.

Game seed: 9543156845754724957

105 GameOver the Conjurer (level 4, 0/36 HPs)
             Began as a Naga Wizard on Aug 26, 2019.
             Slain by an orc
             ... wielding a +0 trident
              (7 damage)
             ... on level 2 of the Dungeon.
             The game lasted 00:04:36 (652 turns).

GameOver the Conjurer (Naga Wizard)                  Turns: 652, Time: 00:04:36

Health: 0/36       AC:  3    Str: 10      XL:     4   Next: 81%
Magic:  8/8        EV:  9    Int: 18 (19) God:
Gold:   71         SH:  0    Dex:  8 (9)  Spells: 3/9 levels left

rFire    . . .     SeeInvis +   e - +3 dagger (venom)
rCold    . . .     Gourm    .   (no shield)
rNeg     . . .     Faith    .   a - +0 robe
rPois    +         Spirit   .   b - +0 hat
rElec    .         Reflect  .   (no cloak)
rCorr    .         Harm     .   k - +0 pair of gloves
MR       .....                  (no barding)
Stlth    +.........             (no amulet)
HPRegen  0.12/turn              (no ring)
MPRegen  0.11/turn              (no ring)

@: confused, short of breath, very slow
A: large, see invisible, deformed body, poison resistance, slowness 2, slow
metabolism 1, spit poison 1, AC +1
a: Spit Poison


You were on level 2 of the Dungeon.
You were not hungry.

You visited 1 branch of the dungeon, and saw 2 of its levels.

You collected 71 gold pieces.

Inventory:

Hand Weapons
 e - a +3 dagger of venom (weapon)
 g - a +0 short sword
Armour
 a - a +0 robe (worn)
 b - a +0 hat (worn)
 k - a +0 pair of gloves (worn)
Scrolls
 c - a scroll of remove curse {unknown}
 f - a scroll of teleportation {unknown}
 i - a scroll of magic mapping {unknown}
Potions
 j - a potion of lignification {unknown}
Comestibles
 d - a ration


   Skills:
 - Level 1.5 Dodging
 - Level 3.0 Stealth
 - Level 3.0 Spellcasting
 + Level 4.4 Conjurations
   Level 1.0 Summonings
 - Level 1.0 Translocations


You had 3 spell levels left.
You knew the following spells:

 Your Spells              Type           Power        Failure   Level  Hunger
a - Magic Dart            Conj           ###.         2%          1    None
b - Blink                 Tloc           N/A          16%         2    ##.....
d - Mephitic Cloud        Conj/Pois/Air  #.......     26%         3    ###....

Your spell library contained the following spells:

 Spells                   Type           Power        Failure   Level  Hunger
 Call Imp                 Summ           #.......     16%         2    ##.....
 Conjure Flame            Conj/Fire      ##......     21%         3    ###....
 Slow                     Hex            #.......     24%         2    ##.....


Dungeon Overview and Level Annotations

Branches:
Dungeon (2/15)

Altars:


Innate Abilities, Weirdness & Mutations

You cannot wear boots.
Your serpentine skin is tough. (AC +1)
You have supernaturally acute eyesight. (SInv)
Armour fits poorly on your strangely shaped body.
Your system is resistant to poisons. (rPois)
You cover ground very slowly.
You have a slow metabolism.
You can spit poison.


Message History

The orc is lightly wounded.
You feel slightly more hungry.
An orc comes into view.
The orc hits you from afar with a +0 trident!
* * * LOW HITPOINT WARNING * * *
Eat one of 4 chunks of flesh? (ye/n/q)
You eat one of the 4 chunks of flesh.
This raw flesh tastes terrible.
The orc misses you.
Okay, then.
It was a potion of ambrosia.
You are confused.
You feel invigorated.
The orc hits you from afar with a +0 trident.
* * * LOW HITPOINT WARNING * * *
You bump into the rock wall.
The orc hits you from afar with a +0 trident.
* * * LOW HITPOINT WARNING * * *
You bump into the rock wall.
The orc hits you from afar with a +0 trident!
You die...

#.......#
#.......#
#.......#
##.....##
##...## ######
#.### #..... #.#
##.....
#######.#
.o...†.
#.@.....#
#.....##)#######
#....)oo.#
##########


You could see 2 orcs.

Vanquished Creatures
  A crimson imp (D:1)
  An orc priest (D:2)
  A dart slug (D:1)
  A leopard gecko (D:1)
  2 orcs (D:2)
  4 bats
  2 giant cockroaches
  2 goblins (D:1)
  3 hobgoblins (D:1)
  7 jackals (D:1)
  4 frilled lizards (D:1)
  2 kobolds (D:1)
  5 rats
35 creatures vanquished.

Notes
Turn   | Place    | Note
-------+----------+-------------------------------------------
     0 | D:1      | GameOver the Naga Wizard began the quest for the Orb.
     0 | D:1      | Reached XP level 1. HP: 15/15 MP: 4/4
   198 | D:1      | Reached skill level 2 in Conjurations
   198 | D:1      | Reached XP level 2. HP: 22/22 MP: 4/6
   301 | D:1      | Reached XP level 3. HP: 28/28 MP: 7/7
   305 | D:1      | Learned a level 2 spell: Blink
   309 | D:1      | Learned a level 3 spell: Mephitic Cloud
   466 | D:1      | Reached skill level 3 in Conjurations
   566 | D:1      | Reached XP level 4. HP: 18/36 MP: 6/8
   614 | D:2      | Reached skill level 4 in Conjurations
   650 | D:2      | HP: 1/36 [orc/+0 trident (5)]
   652 | D:2      | Slain by an orc

Levels and vault maps discovered:
D:1:      scummos_arrival_gate, layout_basic
D:2:      layout_loops_cross, roderic_three_in_a_row

Skill      XL: |  1  2  3  4 |
---------------+-------------+-----
Conjurations   | 2 3 4 |  4.4
Dodging        | |  1.5
Stealth        | |  3.0
Spellcasting   | |  3.0
Summonings     | |  1.0
Translocations | |  1.0

Action                   |  1- 3 |  4- 6 || total
-------------------------+-------+-------++-------
Melee: Dagger            |    18 |     6 ||    24
 Cast: Magic Dart        |    13 |    13 ||    26
 Abil: Spit Poison       |    27 |     8 ||    35
  Use: Potion            |     2 |     1 ||     3
  Eat: Chunk             |       |     1 ||     1
Armor: Robe              |     1 |       ||     1
Dodge: Dodged            |    21 |     7 ||    28

Table legend:
 A = Non-vault XP
 B = Vault XP
 C = Vault XP percentage of total XP
 D = Non-vault monster count
 E = Vault monster count
 F = Vault count percentage of total count
                 A         B        C        D         E       F
            +---------+---------+-------+---------+---------+-------
      Total |     150 |       0 |   0.0 |      35 |       0 |   0.0
            +---------+---------+-------+---------+---------+-------
        D:1 |      95 |       0 |   0.0 |      28 |       0 |   0.0
        D:2 |      55 |       0 |   0.0 |       7 |       0 |   0.0
            +---------+---------+-------+---------+---------+-------
